 Dungeon Crawl Stone Soup version 0.18-b1-14-g029dad2 (webtiles) character file.

7959 Gargoyl the Protected (level 11, -4/84 HPs)
             Began as a Demonspawn Abyssal Knight on Apr 29, 2016.
             Was the Champion of Lugonu.
             Killed by divine providence
             ... invoked by an orc priest
              (14 damage)
             ... on level 2 of the Orcish Mines on Apr 30, 2016.
             The game lasted 00:40:36 (9937 turns).

Gargoyl the Protected (Demonspawn Abyssal Knight)   Turns: 9937, Time: 00:40:36

Health: -4/84      AC: 18    Str: 25    XL:     11   Next: 3%
Magic:  12/12      EV: 10    Int: 14    God:    Lugonu [******]
Gold:   661        SH:  0    Dex: 11    Spells: 0 memorised, 10 levels left

rFire  . . .     SeeInvis +     k - +2 battleaxe (vamp)
rCold  . . .     Gourm    .     w - +0 plate armour
rNeg   . . .     Faith    .     (shield currently unavailable)
rPois  .         Spirit   .     (helmet restricted)
rElec  .         Dismiss  .     K - +2 cloak
rCorr  .         Reflect  .     (no gloves)
SustAt .         Harm     .     (no boots)
MR     .....                    I - amulet of rage
Stlth  ..........               a - ring of see invisible
                                o - +6 ring of strength

@: not resistant to hostile enchantments, extremely unstealthy
A: antennae 1, nightstalker 2, strong 1, sturdy frame 2
a: Depart the Abyss, Bend Space, Banish, Corrupt, Enter the Abyss, Brand Weapon
With Distortion, Renounce Religion, Evoke Berserk Rage


You were on level 2 of the Orcish Mines.
You worshipped Lugonu.
Lugonu was exalted by your worship.
You were not hungry.

You visited 2 branches of the dungeon, and saw 11 of its levels.
You visited the Abyss 1 time.
You also visited: Sewer and Ice Cave.

You collected 1358 gold pieces.

Inventory:

Hand Weapons
 k - a +2 vampiric battleaxe (weapon)
 C - a +2 spear of piercing
 F - a +1 dire flail of draining
 Q - a +2 battleaxe of chopping
Missiles
 O - 17 tomahawks (quivered)
Armour
 w - a +0 plate armour (worn)
 K - a +2 cloak (worn)
Jewellery
 a - a ring of see invisible (right hand)
 o - a +6 ring of strength (left hand)
 I - an amulet of rage (around neck)
Wands
 s - a wand of slowing (22/48)
 x - a wand of polymorph (12/24)
 J - a wand of teleportation (5/9)
 M - a wand of acid (2/15)
Scrolls
 h - 2 scrolls of teleportation
 j - a scroll of recharging
 l - 2 scrolls of fear
 m - 4 scrolls of fog
 v - 2 scrolls of blinking
 y - 7 scrolls of remove curse
 D - 2 scrolls of identify
 N - a scroll of amnesia
Potions
 d - 3 potions of cure mutation {unknown}
 e - 2 potions of magic {unknown}
 i - a potion of lignification {unknown}
 n - a potion of berserk rage {unknown}
 p - 2 potions of agility {unknown}
 q - a potion of haste {unknown}
 r - 8 potions of curing
 u - a potion of cancellation {unknown}
 z - a potion of brilliance {unknown}
 B - 2 potions of degeneration {unknown}
 G - 2 potions of flight {unknown}
 L - a potion of beneficial mutation {unknown}
 R - a potion of resistance {unknown}
Books
 E - a book of Misfortune

   Spells                             Type                      Level
   a - Confusing Touch                Hexes                        2
   b - Confuse                        Hexes                        3
   c - Gell's Gravitas                Hexes/Translocation          3
   d - Petrify                        Transmutation/Earth          4
   e - Metabolic Englaciation         Hexes/Ice                    5
   f - Yara's Violent Unravelling     Hexes/Transmutation          5
Miscellaneous
 b - an ornate deck of changes {drawn: 8}
Comestibles
 c - 8 bread rations
 g - 7 meat rations


   Skills:
 + Level 7.6 Fighting
 + Level 7.6 Axes
 * Level 11.4 Armour
 + Level 3.6 Dodging
 + Level 2.2 Stealth
 + Level 2.6 Invocations
 + Level 1.1 Evocations


You had 10 spell levels left.
You didn't know any spells.

Dungeon Overview and Level Annotations

Branches:
Dungeon (9/15)             Temple (0/1) D:4             Orc (2/2) D:9
   Lair: D:8-11         Elf: Orc:2

Altars:
Ashenzari
Cheibriados
Kikubaaqudgha
Makhleb
Nemelex Xobeh
Okawaru
Qazlal
Trog
Vehumet
Zin
Beogh

Shops:
D:7 [   D:9 *   Orc:1 *   Orc:2 =


Innate Abilities, Weirdness & Mutations

You have a pair of small antennae on your head.
You are significantly more attuned to the shadows.
Your movements are less encumbered by armour (ER -4).
Your muscles are strong. (Str +2)


Message History

The orc wizard dies!
Lugonu accepts your kill.
The orc priest calls down the wrath of Beogh upon you.
Beogh smites you!
* * * LOW HITPOINT WARNING * * *
The orc priest hits you but does no damage.
Things that are here:
a hand axe of chopping; a ring mail; an orc corpse You barely miss the orc priest.
The orc priest mumbles some strange prayers to Beogh against you.
Beogh smites you!
* * * LOW HITPOINT WARNING * * *
Arbolt hits the orc priest with a long sword of draining!
Arbolt drains the orc priest!
Unknown command.
Drink which item? (? for menu, Esc to quit)
You feel better.
The orc priest mumbles some strange prayers to Beogh against you.
Beogh smites you!
You die...

......##........#......#
.......##.......#)#.#.##
...#..###......#......##########
.........#.#..##...............#
...................8...8..8..8.#
...................o....)......#
...................)...........##
..........((..(..oT8..8[.8..8...#
...........(....@o.......)......#
...............)..8..........._.#
.............(.(#...............#
... ....))...8..8..8..8...#
.....................##
.$$..................#
..........8. .8..8.# ...........
..... .........$.


You could see a troll, an orc priest, an orc wizard and the friendly Arbolt the
orc knight.

Vanquished Creatures
  A hill giant (Orc:2)
  2 trolls
  A two-headed ogre (Orc:2)
  2 yaks (IceCv)
  A hill giant zombie (D:9)
  3 orc warriors
  2 ice beasts
  5 ogres
  2 wolves (IceCv)
  3 big kobolds (Sewer)
  A scorpion (D:4)
  A centaur zombie (D:8)
  3 orc priests
  2 hounds
  An orc wizard (Orc:1)
  A worker ant (D:5)
  2 howler monkey skeletons
  2 gnolls (Orc:1)
  2 river rats (D:5)
  9 adders
  A shadow imp (D:8)
  5 white imps (Orc:1)
  3 oozes (Sewer)
  4 dart slugs
  7 giant geckos
  20 orcs
  8 giant cockroaches
  5 goblins
  5 hobgoblins
  3 jackals (D:4)
  3 quokkas
  3 ball pythons
  6 bats
  A giant gecko skeleton (D:5)
  6 giant newts
  2 goblin zombies (D:9)
  2 hobgoblin zombies (D:9)
  19 kobolds
  2 orc skeletons (D:9)
  6 orc zombies (D:9)
  7 rats
164 creatures vanquished.

Vanquished Creatures (collateral kills)
  An orc high priest (Orc:2)
  The ghost of smzp the Protected, a novice MiFi of the Shining One (D:7)
  An orc knight (Orc:1)
  Pikel (D:6)
  An orc sorcerer (Orc:2)
  Maurice (Orc:2)
  A troll (Orc:2)
  4 two-headed ogres (Orc:2)
  A hill giant zombie (D:9)
  A wraith (D:9)
  Eustachio (D:5)
  5 yaks (D:9)
  A soldier ant (D:6)
  A water moccasin (D:8)
  A black bear (D:9)
  7 orc warriors
  2 ice beasts (D:8)
  2 phantoms (D:9)
  2 slaves (D:6)
  A necrophage (D:8)
  6 ogres
  A crocodile (D:7)
  3 centaurs
  3 giant frogs
  A gnoll sergeant (D:5)
  2 scorpions
  A howler monkey (D:7)
  A crimson imp (D:5)
  Crazy Yiuf (D:7)
  2 jellies
  A centaur zombie (D:7)
  2 orc priests
  9 orc wizards
  2 iguanas (D:7)
  3 worker ants
  6 ogre zombies (D:9)
  2 hound skeletons
  A worker ant zombie (D:9)
  7 gnolls
  A howler monkey skeleton (D:9)
  4 adders
  A shadow imp (D:5)
  7 white imps (Orc:1)
  An adder zombie (D:7)
  2 adder skeletons
  A giant gecko (D:8)
  5 orcs
  2 giant cockroaches
  A kobold (D:7)
  A quokka (D:8)
  A giant cockroach zombie (D:6)
  A goblin skeleton (D:9)
  A goblin zombie (D:9)
  2 hobgoblin skeletons (D:9)
  A hobgoblin zombie (D:9)
  An orc skeleton (D:9)
  7 orc zombies (D:9)
  2 rats (D:5)
132 creatures vanquished.

Vanquished Creatures (others)
  A naga mage (Orc:2)
  A giant frog (D:6)
  An ooze (D:6)
3 creatures vanquished.

Grand Total: 299 creatures vanquished

Notes
Turn   | Place    | Note
--------------------------------------------------------------
     0 | Abyss:1  | Gargoyl the Demonspawn Abyssal Knight began the quest for the Orb.
     0 | Abyss:1  | Reached XP level 1. HP: 18/18 MP: 2/2
   134 | D:1      | Escaped the Abyss
   359 | D:1      | Reached skill level 2 in Armour
   413 | D:1      | Gained mutation: You have a pair of small antennae on your head. [demonic ancestry]
   413 | D:1      | Reached XP level 2. HP: 23/24 MP: 3/3
   448 | D:1      | Reached * piety under Lugonu
   870 | D:1      | Reached XP level 3. HP: 18/29 MP: 4/4
  1091 | D:2      | Noticed Lean
  1125 | D:3      | Found a shattered altar of Ashenzari.
  1134 | D:3      | Reached skill level 1 in Dodging
  1189 | D:3      | Found a bloodstained altar of Trog.
  1351 | D:3      | Reached ** piety under Lugonu
  1481 | D:3      | Found a glowing silver altar of Zin.
  1494 | D:3      | Reached skill level 3 in Armour
  1599 | D:3      | Reached XP level 4. HP: 21/37 MP: 5/5
  1827 | D:3      | Found a stormy altar of Qazlal.
  1840 | D:3      | Found a sparkling altar of Nemelex Xobeh.
  1841 | D:3      | Found a radiant altar of Vehumet.
  1841 | D:3      | Found a burning altar of Makhleb.
  1843 | D:3      | Found a snail-covered altar of Cheibriados.
  2085 | D:4      | Gained mutation: Your muscles are strong. (Str +2) [helix card]
  2141 | D:4      | Found a staircase to the Ecumenical Temple.
  2526 | D:4      | Gained mutation: Your movements are slightly less encumbered by armour (ER -2). [demonic ancestry]
  2526 | D:4      | Reached XP level 5. HP: 40/42 MP: 6/6
  2920 | D:5      | Entered Level 5 of the Dungeon
  2935 | D:5      | Found a glowing drain.
  2942 | D:5      | Hired Liack the naga for 152 gold.
  2945 | D:5      | Noticed Eustachio
  2946 | D:5      | Reached skill level 4 in Armour
  2961 | D:5      | Killed Eustachio
  2961 | D:5      | Gained mutation: Your movements are less encumbered by armour (ER -4). [demonic ancestry]
  2961 | D:5      | Reached XP level 6. HP: 17/48 MP: 7/7
  2980 | Sewer    | Entered a sewer
  3494 | Sewer    | Reached *** piety under Lugonu
  3507 | Sewer    | Reached skill level 5 in Armour
  3514 | Sewer    | Reached XP level 7. HP: 27/55 MP: 8/8
  3861 | D:5      | Reached skill level 1 in Evocations
  4892 | D:6      | Reached skill level 6 in Armour
  4918 | D:6      | Noticed Pikel
  4928 | D:6      | Killed Pikel
  4928 | D:6      | Reached skill level 5 in Fighting
  4928 | D:6      | Gained mutation: You are slightly more attuned to the shadows. [demonic ancestry]
  4928 | D:6      | Reached XP level 8. HP: 62/62 MP: 9/9
  5005 | D:6      | Reached **** piety under Lugonu
  5115 | D:6      | Reached skill level 7 in Armour
  5367 | D:7      | Noticed smzp's ghost (novice MiFi)
  5390 | D:7      | Killed smzp's ghost
  5719 | D:7      | Reached skill level 8 in Armour
  5739 | D:7      | Noticed Crazy Yiuf
  5745 | D:7      | Killed Crazy Yiuf
  5846 | D:7      | Found Eplethay's Antique Armour Boutique.
  5904 | D:7      | Reached skill level 1 in Stealth
  6211 | D:7      | Found an iron altar of Okawaru.
  6294 | D:8      | Reached XP level 9. HP: 27/68 MP: 10/10
  6628 | D:8      | Upgraded the game from 0.18-b1-10-g3f7de93 to 0.18-b1-14-g029dad2
  7305 | D:9      | Found Test's Assorted Antiques.
  7349 | D:9      | Reached skill level 5 in Axes
  7356 | D:9      | Reached ***** piety under Lugonu
  7382 | D:9      | Found an ancient bone altar of Kikubaaqudgha.
  7437 | D:9      | Noticed a troll
  7443 | D:9      | Killed a troll
  7443 | D:9      | Reached skill level 9 in Armour
  8227 | D:9      | Found a staircase to the Orcish Mines.
  8340 | Orc:1    | Entered Level 1 of the Orcish Mines
  8344 | Orc:1    | Reached skill level 10 in Armour
  8350 | Orc:1    | Found Soahauff's Assorted Antiques.
  8361 | Orc:1    | Noticed an orc knight
  8368 | Orc:1    | Killed an orc knight
  8368 | Orc:1    | Gained mutation: You are significantly more attuned to the shadows. [demonic ancestry]
  8368 | Orc:1    | Reached XP level 10. HP: 74/77 MP: 11/11
  8614 | Orc:2    | Entered Level 2 of the Orcish Mines
  8688 | Orc:1    | Found a frozen archway.
  8707 | IceCv    | Entered an ice cave
  9063 | Orc:1    | Reached ****** piety under Lugonu
  9432 | Orc:2    | Noticed an orc sorcerer
  9626 | Orc:2    | Paralysed by an orc sorcerer for 7 turns
  9630 | Orc:2    | Killed an orc sorcerer
  9655 | Orc:2    | Noticed Maurice
  9660 | Orc:2    | Killed Maurice
  9673 | Orc:2    | Noticed an orc high priest
  9680 | Orc:2    | Noticed an orange demon
  9680 | Orc:2    | Noticed a rust devil
  9687 | Orc:2    | Noticed an orange demon
  9687 | Orc:2    | Killed an orc high priest
  9688 | Orc:2    | Found a roughly hewn altar of Beogh.
  9854 | Orc:2    | Found Nifeiro's Jewellery Shop.
  9855 | Orc:2    | Noticed a hill giant
  9855 | Orc:2    | Noticed a cyclops
  9860 | Orc:2    | Killed a hill giant
  9864 | Orc:2    | Reached skill level 11 in Armour
  9865 | Orc:2    | Noticed a deep troll
  9865 | Orc:2    | Noticed a cyclops
  9867 | Orc:2    | Noticed an ogre mage
  9870 | Orc:2    | Noticed a hill giant
  9872 | Orc:2    | Reached XP level 11. HP: 31/84 MP: 12/12
  9873 | Orc:2    | Your ally Liack died
  9906 | Orc:2    | HP: 4/84 [ogre/giant spiked club (2)]
  9912 | Orc:2    | Drew Focus: Str increased to 17, Dex decreased to 11
  9913 | Orc:2    | Hired Arbolt the orc knight for 545 gold.
  9936 | Orc:2    | HP: 1/84 [orc priest/divine providence (13)]
  9937 | Orc:2    | Killed from afar by an orc priest

Skill      XL: |  1  2  3  4  5  6  7  8  9 10 |
---------------+-------------------------------+-----
Armour         | 2 3 4 5 6 8 10 11 | 11.4
Dodging        | 1 2 3 |  3.6
Axes           | 2 3 4 6 7 |  7.6
Fighting       | 4 5 6 7 |  7.6
Evocations     | 1 |  1.1
Stealth        | 1 2 |  2.2
Invocations    | |  2.6

Action                   |  1- 3 |  4- 6 |  7- 9 | 10-12 || total
-------------------------+-------+-------+-------+-------++-------
Melee: Hand axe          |   131 |   132 |   234 |       ||   497
       War axe           |       |       |    23 |    10 ||    33
       Battleaxe         |       |       |       |    71 ||    71
Throw: Tomahawk          |       |       |       |     7 ||     7
Invok: Depart the Abyss  |     1 |       |       |       ||     1
Evoke: Deck              |     2 |     4 |       |     6 ||    12
  Use: Scroll            |     8 |     3 |    10 |     3 ||    24
       Potion            |       |       |       |    13 ||    13
 Stab: Distracted        |       |     1 |     1 |     1 ||     3
  Eat: Chunk             |     2 |     4 |    16 |     2 ||    24
       Fruit             |       |     3 |       |     1 ||     4
       Beef jerky        |       |       |     2 |       ||     2
       Bread ration      |       |       |       |     2 ||     2
       Pizza             |       |       |       |     2 ||     2
Armor: Chain mail        |   133 |   125 |    24 |       ||   282
       Plate armour      |       |       |   131 |    91 ||   222
Dodge: Dodged            |    58 |    84 |   157 |    93 ||   392
